AoeStats
← Joey-Noob-NL

Glade

510348822Analyzed
1v1 RM · 2d ago on Sep 30, 2026· 29m 29s· 2 players
Game mode
Random Map
Map size
Tiny (2 player)
Population
200
Speed
Normal
Resources
Standard
Victory
Conquest
Starting age
Dark Age
Ending age
Imperial Age
RankedLock teamsTeams togetherTeam positionsShared explorationLock speedFull tech treeHidden civsTurbo modeCheats
Victory
Defeat
🇪🇪 Saxons · Estonia
1435
+17
🇳🇱 Khitans · Netherlands
1454
-17
Quetz
5:58 Loom
8:52 Feudal Age
8:59 Man-at-Arms
11:33 Arson
12:23 Double-Bit Axe
19:06 Castle Age
16:47 Horse Collar
17:13 Stone Mining
17:43 Gold Mining
20:04 Bow Saw
25:06 Imperial Age
22:38 Fletching
24:18 Bodkin Arrow
24:38 Town Watch
26:17 Block Printing
28:38 Theocracy
29:23 Scale Mail Armor
Joey-Noob-NL
7:29 Loom
9:47 Feudal Age
10:36 Double-Bit Axe
19:38 Castle Age
17:50 Gold Mining
17:43 Domestication
18:45 Scale Mail Armor
21:07 Bow Saw
28:27 Imperial Age
28:34 Forging
28:29 Scale Barding Armor
28:05 Light Cavalry
28:45 Husbandry
29:18 Husbandry
Connection lost

Rejoining the realm…

Still unreachable

The connection could not be restored.

Session expired

The server has moved on; the page needs a fresh start.